 Dungeon Crawl Stone Soup version 0.21-a0-1-gaf3b9a5 (webtiles) character file.

3750 kuniqs the Skirmisher (level 10, -8/53 HPs)
             Began as a Vine Stalker Fighter on May 20, 2017.
             Was an Elder of Uskayaw.
             Mangled by a gnoll
             ... wielding a +1 halberd of electrocution
              (16 damage)
             ... in a bailey.
             The game lasted 00:13:50 (6689 turns).

kuniqs the Skirmisher (Vine Stalker Fighter)        Turns: 6689, Time: 00:13:51

Health: -8/53      AC:  9    Str: 18    XL:     10   Next: 15%
Magic:  0/14       EV: 14    Int:  8    God:    Uskayaw [****..]
Gold:   290        SH: 10    Dex: 18    Spells: 9/9 levels left

rFire    . . .     SeeInvis .   r - +0 short sword (elec)
rCold    . . .     Gourm    .   c - +0 shield
rNeg     . . .     Faith    .   b - +0 scale mail
rPois    .         Spirit   +   (no helmet)
rElec    .         Reflect  .   E - +0 cloak
rCorr    .         Harm     .   (no gloves)
MR       +....                  o - +0 pair of boots
Stlth    +.........             n - amulet of regeneration
Regen    1.0/turn               k - +3 ring of evasion
MPRegen  0.2/turn               I - ring of stealth

@: no status effects
A: fangs 3, regeneration 1, magic shield, antimagic bite, no potion heal 3, rot
immunity
a: Stomp, Line Pass, Renounce Religion


You were in a bailey.
You worshipped Uskayaw.
Uskayaw was noncommittal.
You were hungry.

You visited 2 branches of the dungeon, and saw 9 of its levels.
You also visited: Bailey.

You collected 290 gold pieces.

Inventory:

Hand Weapons
 a - a +2 short sword of venom
 r - a +0 short sword of electrocution (weapon)
 w - a +1 hand axe of flaming
Armour
 b - a +0 scale mail (worn)
 c - a +0 shield (worn)
 o - a +0 pair of boots (worn)
 E - a +0 cloak (worn)
Jewellery
 k - a +3 ring of evasion (left hand)
 m - an uncursed amulet of faith
 n - an amulet of regeneration (around neck)
 I - a ring of stealth (right hand)
Wands
 p - a wand of confusion (21/48)
 y - a wand of flame (8/48)
Scrolls
 g - 2 scrolls of magic mapping
 l - 2 scrolls of enchant armour
 q - 2 scrolls of remove curse {@r2}
 s - a scroll of blinking {unknown}
 u - a scroll of amnesia {unknown}
 x - a scroll of immolation
 B - 2 scrolls of teleportation
 D - a scroll of noise {unknown}
 J - a scroll of fog {unknown}
 K - a scroll of fear {unknown}
Potions
 h - a potion of mutation
 j - 4 potions of curing {@q1}
 t - a potion of berserk rage
 v - a potion of ambrosia
 z - 4 potions of invisibility
 A - a potion of flight
 C - a potion of might
 F - a potion of lignification
 H - a potion of degeneration {unknown}
Comestibles
 d - 4 bread rations
 e - 3 meat rations
 f - 5 fruits
 i - 3 royal jellies
 G - 3 chunks of flesh


   Skills:
 + Level 6.1 Fighting
 + Level 5.7 Short Blades
 + Level 5.4 Armour
 + Level 4.8 Dodging
 + Level 6.0 Shields
 + Level 5.0 Invocations


You had 9 spell levels left.
You didn't know any spells.

Dungeon Overview and Level Annotations

Branches:
Dungeon (8/15)             Temple (1/1) D:6            Lair (0/6) D:8

Altars:
Ashenzari
Dithmenos
Fedhas
Gozag
Kikubaaqudgha
Makhleb
Nemelex Xobeh
Okawaru
Sif Muna
Trog
Uskayaw
Vehumet
Wu Jian
Xom
The Shining One

Shops:
D:6 }

Annotations:
D:6 exclusion: oklob plant


Innate Abilities, Weirdness & Mutations

You have razor-sharp teeth.
Your natural rate of healing is unusually fast.
When hurt, damage is shared between your health and your magic reserves.
Your bite disrupts and absorbs the magic of your enemies.
Potions cannot restore your health.
You are immune to rotting.


Message History

You bite the orc knight! You drain its power.
You feel invigorated.
The gnoll is no longer paralysed.
The orc knight is no longer paralysed.
The orc knight hits you with a war axe.
The gnoll hits you from afar with a halberd of electrocution.
You are electrocuted!
Uskayaw will force your foes to share their pain.
Aim: an orc knight, wielding a war axe and wearing a plate armour (heavily wounded, chance to defeat MR: 28%)
The orc knight appears confused.
This wand has 21 charges left.
You block the orc knight's attack. The gnoll closely misses you.
You hit the orc knight.
You bite the orc knight, but do no damage.
You hit the orc knight but do no damage.
You bite the orc knight, but do no damage.
The orc knight hits the gnoll with a war axe.
The orc knight hits you with a war axe!
* * * LOW HITPOINT WARNING * * *
The gnoll hits you from afar with a halberd of electrocution.
* * * LOW HITPOINT WARNING * * *
You are electrocuted!
You die...

##### ### ## #
##go@###.# #.#
#'##g##g###'##'##'#
#...g)## ##.....#
#..gKg# ###.....###
#.'..⌠..' #.'..⌠..'.#
###.....#####..().###
#.....# #.((..##
#'##'##'# #)##(##(##
#.# #. #g#.# #.###)#


You could see an orc knight (confused) and 2 gnolls.

Vanquished Creatures
  Pikel (D:4)
  Menkaure (D:5)
  An orc warrior (Temple)
  Duvessa (D:5)
  2 slaves (D:4)
  2 centaurs (D:5)
  2 phantoms
  4 ogres
  A crocodile (D:7)
  A bullfrog (D:7)
  A big kobold (D:4)
  Dowan (D:5)
  2 scorpions
  5 wights (D:6)
  A howler monkey (D:3)
  5 crimson imps
  A bullfrog zombie (D:7)
  2 jellies (D:6)
  2 centaur skeletons
  A quasit (D:8)
  7 orc priests
  Crazy Yiuf (D:4)
  A hound (D:3)
  11 orc wizards
  A bullfrog skeleton (D:7)
  Natasha (twice) (D:2)
  2 iguanas
  5 worker ants
  A killer bee zombie (D:6)
  2 worker ant zombies (D:6)
  13 gnolls
  11 adders
  A shadow imp (D:6)
  3 oozes
  An adder zombie (D:7)
  A worm (D:5)
  A dart slug (D:1)
  2 leopard geckos
  33 orcs
  7 giant cockroaches
  9 goblins
  14 hobgoblins
  11 jackals
  6 quokkas
  A ball python (D:3)
  5 bats
  5 frilled lizards
  25 kobolds
  A leopard gecko zombie (D:6)
  5 rats
225 creatures vanquished.

Vanquished Creatures (others)
  The ghost of Gorice the Gusty, an amateur TeAE (D:3)
  A shadow imp (D:4)
  A giant cockroach (D:3)
3 creatures vanquished.

Grand Total: 228 creatures vanquished

Notes
Turn   | Place    | Note
-------+----------+-------------------------------------------
     0 | D:1      | kuniqs the Vine Stalker Fighter began the quest for the Orb.
     0 | D:1      | Reached XP level 1. HP: 11/11 MP: 2/2
   203 | D:1      | Reached XP level 2. HP: 11/16 MP: 1/3
   457 | D:1      | Reached skill level 1 in Dodging
   898 | D:2      | Reached XP level 3. HP: 17/19 MP: 4/4
   960 | D:2      | Noticed Natasha
   974 | D:2      | Killed Natasha
  1312 | D:2      | Gained mutation: Your natural rate of healing is unusually fast. [Vine Stalker growth]
  1312 | D:2      | Reached XP level 4. HP: 21/24 MP: 3/5
  1767 | D:2      | Found a deep blue altar of Sif Muna.
  1778 | D:2      | Noticed Natasha
  1784 | D:2      | Killed Natasha
  2059 | D:3      | Found an iron altar of Okawaru.
  2060 | D:3      | Noticed Gorice's ghost (amateur TeAE)
  2075 | D:3      | Killed Gorice's ghost
  2075 | D:3      | Reached XP level 5. HP: 25/28 MP: 4/6
  2282 | D:3      | Reached XP level 6. HP: 32/32 MP: 7/7
  2436 | D:3      | Found a hide-covered altar of Uskayaw.
  2440 | D:3      | Became a worshipper of Uskayaw the Reveler
  2495 | D:4      | Reached * piety under Uskayaw
  2508 | D:3      | Reached ** piety under Uskayaw
  2709 | D:3      | Reached XP level 7. HP: 34/37 MP: 4/8
  2788 | D:4      | Reached *** piety under Uskayaw
  2839 | D:4      | Reached skill level 1 in Invocations
  2945 | D:4      | Noticed Pikel
  2964 | D:4      | Killed Pikel
  2964 | D:4      | Gained mutation: You have razor-sharp teeth. [Vine Stalker growth]
  2964 | D:4      | Reached XP level 8. HP: 39/42 MP: 8/10
  3322 | D:4      | Found a runed door.
  3326 | D:4      | Noticed Crazy Yiuf
  3334 | D:4      | Killed Crazy Yiuf
  3431 | D:5      | Entered Level 5 of the Dungeon
  3615 | D:5      | Noticed Menkaure
  3635 | D:5      | Killed Menkaure
  3692 | D:5      | Reached skill level 5 in Fighting
  3711 | D:5      | Reached **** piety under Uskayaw
  3726 | D:5      | Found a glowing golden altar of the Shining One.
  3727 | D:5      | Found a shimmering altar of Xom.
  3752 | D:5      | Reached skill level 5 in Shields
  3752 | D:5      | Reached XP level 9. HP: 47/47 MP: 12/12
  3776 | D:5      | Found an ancient bone altar of Kikubaaqudgha.
  3874 | D:5      | Noticed Duvessa
  3877 | D:5      | Noticed Dowan
  3884 | D:5      | Killed Duvessa
  3887 | D:5      | Killed Dowan
  4355 | D:6      | Reached ***** piety under Uskayaw
  4435 | D:6      | Found a staircase to the Ecumenical Temple.
  4441 | Temple   | Entered the Ecumenical Temple
  4485 | D:6      | Reached skill level 5 in Short Blades
  4614 | D:6      | Reached skill level 5 in Armour
  4657 | D:6      | Found Catres Potei's Gadget Shop.
  4674 | D:6      | Found a radiant altar of Vehumet.
  4739 | D:6      | Found a blossoming altar of Fedhas.
  4759 | D:6      | Noticed an oklob plant
  4899 | D:6      | Found an ornate altar of the Wu Jian Council.
  5686 | D:7      | Found a bloodstained altar of Trog.
  6309 | D:7      | Reached XP level 10. HP: 50/53 MP: 11/14
  6572 | D:8      | Found a flagged portal.
  6578 | Bailey   | Entered a bailey
  6627 | Bailey   | Reached skill level 5 in Invocations
  6674 | Bailey   | Noticed an orc knight
  6689 | Bailey   | Mangled by a gnoll

Vault maps used:
D:1:      minmay_arrival_cross
D:2:      led_sif_pool, kennysheep_generic_room_16, uniq_natasha
D:3:      okawaru_trees_1, marbit_many_paths, first_bread
D:4:      minmay_vboxes, uniq_crazy_yiuf_cottage, uniq_pikel
D:5:      kennysheep_mini, grunt_temple_overflow_open, serial_bayou,
          serial_bayou_pond_b, serial_bayou_shore_a, serial_bayou_pond_c,
          serial_bayou_lake_a, hangedman_decor_slide_cut, uniq_menkaure,
          uniq_duvessa
D:6:      nicolae_overflow_hidden_temple, vehumet_crystals, tgw_fedhas,
          minmay_temple_entry_metal_lava, serial_shops,
          nicolae_shop_behind_doors
D:7:      old_standard_altar
D:8:      yredelemnul_altar_generic, dpeg_lair_monsters, enter_bailey_3
Temple:   zaba_magenta_temple
Bailey:   bailey_axe_2, bailey

Skill      XL: |  1  2  3  4  5  6  7  8  9 10 |
---------------+-------------------------------+-----
Short Blades   | 2 3 4 5 |  5.7
Dodging        | 1 2 3 4 |  4.8
Fighting       | 3 4 5 6 |  6.1
Shields        | 3 4 5 6 |  6.0
Armour         | 3 4 5 |  5.4
Invocations    | 2 3 4 5 |  5.0

Action                   |  1- 3 |  4- 6 |  7- 9 | 10-12 || total
-------------------------+-------+-------+-------+-------++-------
Melee: Rapier            |    83 |   170 |    30 |       ||   283
       Bite              |    17 |    55 |   130 |    35 ||   237
       Short sword       |       |       |   408 |   104 ||   512
Evoke: Wand              |       |       |     2 |     1 ||     3
  Use: Scroll            |       |     3 |    10 |     1 ||    14
       Potion            |       |       |     2 |       ||     2
 Stab: Paralysed         |       |       |    13 |    12 ||    25
  Eat: Chunk             |     1 |     5 |    12 |     1 ||    19
Armor: Scale mail        |    30 |    71 |    96 |    19 ||   216
Dodge: Dodged            |    16 |    52 |   158 |    55 ||   281
Block: Shield            |    44 |    76 |   173 |    58 ||   351
